 Dungeon Crawl Stone Soup version 0.31-a0-845-g9abc20d24f (webtiles) character file.

Game seed: 15112367265071658231

519021 Bnni the Crack Shot (level 26, -3/193 HPs)
             Began as a Formicid Hexslinger on Sept 28, 2023.
             Was the Champion of Hepliaklqana.
             Slain by a phantasmal warrior (18 damage)
             ... on level 2 of the Crypt on Oct 2, 2023.
             The game lasted 03:17:11 (48917 turns).

Bnni the Crack Shot (Formicid Hexslinger)          Turns: 48917, Time: 03:17:11

Health: -3/193     AC: 16    Str: 15    XL:     26   Next: 52%
Magic:  30/48      EV: 22    Int: 31    God:    Hepliaklqana [******]
Gold:   5890       SH:  0    Dex: 22    Spells: 1/49 levels left

rFire   + . .        x - +9 longbow (flame)
rCold   + + .        F - +1 tower shield {rC+}
rNeg    + + .        p - +3 leather armour of the Louse {rF++ Str-2}
rPois   .            (helmet unavailable)
rElec   +            K - +2 cloak of Vejeubi {+Inv rC+ rN+}
rCorr   +            N - +2 pair of gloves "Vantol" {Int+3}
SInv    +            k - +2 pair of boots
Will    ++...        w - amulet of Yniqutash {rF- Regen+ Str+5 Int+2 Stlth+}
Stlth   ++           V - ring of the Tuna {rN+ rCorr Int+2}
HPRegen 1.32/turn    O - ring of Creativity {rElec MP+9 Int+8}
MPRegen 0.31/turn

%: no passive effects
@: confused, liquefying, ambrosia-drunk, studying 2 skills, slowed movement,
unable to drink, very slow
A: reduced essence, permanent stasis, dig shafts and tunnels, antennae 3, four
strong arms, clumsy 1, weak 1, inability to drink after injury 1
}: 3/15 runes: serpentine, barnacled, slimy
a: Dig, Shaft Self, Renounce Religion, Evoke Invisibility, Recall Ancestor,
Ancestor Identity, Transference, Idealise


You were on level 2 of the Crypt.
You worshipped Hepliaklqana.
Hepliaklqana was exalted by your worship.
You visited 11 branches of the dungeon, and saw 49 of its levels.
You also visited: Trove, Ossuary, Ice Cave and Wizlab.

You collected 7955 gold pieces.
You spent 2065 gold pieces at shops.

Inventory:

Hand Weapons
 x - a +9 longbow of flaming (weapon)
 I - a +6 triple crossbow of flaming
 W - the +27 heavy crossbow "Sniper" {heavy, Acc+∞ SInv}
   (You found it on level 1 of the Vaults)

   Acc+∞: It never misses its target.
   SInv:      It lets you see invisible.
Missiles
 A - 19 curare-tipped darts
 G - 4 throwing nets
Armour
 k - a +2 pair of boots (worn)
 p - the +3 leather armour of the Louse (worn) {rF++ Str-2}
   (You found it on level 3 of the Dungeon)

   Str-2:     It affects your strength (-2).
   rF++:      It greatly protects you from fire.
 D - the quicksilver dragon scales "Caonguaq" {rElec Will+ Str+3}
   (You found it on level 2 of the Depths)

   Str+3:     It affects your strength (+3).
   rElec:     It insulates you from electricity.
   Will+:     It increases your willpower.
 F - a +1 tower shield of cold resistance (worn)
 K - the +2 cloak of Vejeubi (worn) {+Inv rC+ rN+}
   (You found it in a wizard's laboratory)

   rC+:       It protects you from cold.
   rN+:       It protects you from negative energy.
   +Inv:      It lets you turn invisible.
 N - the +2 pair of gloves "Vantol" (worn) {Int+3}
   (You found it in an ice cave)

   Int+3:     It affects your intelligence (+3).
 S - the +1 leather armour of Infinity {rC++ Will++ Stlth-}
   (You bought it in a shop on level 2 of the Orcish Mines)

   rC++:      It greatly protects you from cold.
   Will++:    It greatly increases your willpower.
   Stlth-:    It makes you less stealthy.
Jewellery
 d - a ring of ice
 i - a ring of protection from fire
 n - the ring "Tuiz" {+Blink EV+5 Int+4 Stlth-}
   (You found it in a wizard's laboratory)

   [ring of evasion]

   EV+5:      It affects your evasion (+5).
   Int+4:     It affects your intelligence (+4).
   +Blink:    It lets you blink.
   Stlth-:    It makes you less stealthy.
 t - the ring of Nafergh {rN+ Dex+3}
   (You found it in a treasure trove)

   [ring of positive energy]

   Dex+3:     It affects your dexterity (+3).
   rN+:       It protects you from negative energy.
 v - a ring of flight
 w - the amulet of Yniqutash (around neck) {rF- Regen+ Str+5 Int+2 Stlth+}
   (You found it on level 4 of the Dungeon)

   [amulet of regeneration]

   Str+5:     It affects your strength (+5).
   Int+2:     It affects your intelligence (+2).
   rF-:       It makes you vulnerable to fire.
   Regen+:    It increases your rate of health regeneration.
   Stlth+:    It makes you more stealthy.
 y - a ring of poison resistance
 O - the ring of Creativity (right hand) {rElec MP+9 Int+8}
   (You acquired it on level 14 of the Dungeon)

   [ring of magical power]

   Int+8:     It affects your intelligence (+8).
   rElec:     It insulates you from electricity.
   MP+9:      It affects your magic capacity (+9).
 T - a ring of ice
 V - the ring of the Tuna (left hand) {rN+ rCorr Int+2}
   (You took it off an ironbound preserver on level 1 of the Vaults)

   [ring of positive energy]

   Int+2:     It affects your intelligence (+2).
   rN+:       It protects you from negative energy.
   rCorr:     It protects you from acid and corrosion.
 Z - the ring of Elyvilon's Castigation {rN+ EV+5 Stlth+}
   (You took it off an ironbound preserver on level 4 of the Vaults)

   [ring of evasion]

   EV+5:      It affects your evasion (+5).
   rN+:       It protects you from negative energy.
   Stlth+:    It makes you more stealthy.
Wands
 a - a wand of digging (17)
 u - a wand of quicksilver (61)
 B - a wand of roots (65)
Scrolls
 b - 16 scrolls of poison
 c - 6 scrolls of immolation
 e - 16 scrolls of revelation
 f - a scroll of amnesia
 j - 3 scrolls of fog
 q - 2 scrolls of enchant weapon
 C - 13 scrolls of fear
 E - 8 scrolls of vulnerability
 H - 2 scrolls of brand weapon
 J - 3 scrolls of silence
 P - 7 scrolls of enchant armour
 X - 4 scrolls of summoning
Potions
 g - 3 potions of heal wounds
 h - 3 potions of ambrosia
 l - 7 potions of magic
 m - 5 potions of invisibility
 o - 7 potions of mutation
 r - 14 potions of enlightenment
 s - 15 potions of curing
 z - a potion of attraction
 L - 2 potions of might
 Q - 7 potions of brilliance
 R - 4 potions of cancellation
 U - a potion of resistance


   Skills:
 + Level 19.1 Fighting
 * Level 24.2 Ranged Weapons
 - Level 5.0 Armour
 + Level 14.9 Dodging
 + Level 22.4 Shields
 + Level 12.2 Spellcasting
 * Level 18.9 Hexes
 - Level 10.0 Necromancy
 - Level 3.0 Translocations
 - Level 3.0 Fire Magic
 - Level 10.0 Earth Magic
 - Level 14.0 Invocations


You had one spell level left.
You knew the following spells:

 Your Spells              Type           Power      Damage    Failure   Level
a - Enfeeble              Hex            47%        N/A       1%          7
c - Dimensional Bullseye  Hex/Tloc       36%        N/A       1%          4
d - Cause Fear            Hex            47%        N/A       1%          4
g - Summon Guardian Gole  Hex/Summ       67%        N/A       1%          3
h - Borgnjor's Vile Clut  Necr/Erth      34%        N/A       2%          5
j - Yara's Violent Unrav  Hex/Tmut       33%        3d14      3%          5
l - Leda's Liquefaction   Hex/Erth       41%        N/A       1%          4
o - Sigil of Binding      Hex            94%        N/A       0%          3
p - Passwall              Tmut/Erth      40%        N/A       1%          2
s - Sublimation of Blood  Necr           69%        N/A       1%          2
x - Discord               Hex            47%        N/A       14%         8
z - Apportation           Tloc           74%        N/A       1%          1

Your spell library contained the following spells:

 Spells                   Type           Power      Damage    Failure   Level
 Slow                     Hex            100%       N/A       0%          1
 Kiss of Death            Conj/Necr      100%       2d13      1%          1
 Necrotise                Necr           100%       1d9       1%          1
 Sandblast                Erth           100%       2d20      1%          1
 Foxfire                  Conj/Fire      100%       2x1d9     2%          1
 Freeze                   Ice            72%        1d8       5%          1
 Magic Dart               Conj           72%        1d6       5%          1
 Sting                    Tmut/Pois      72%        1d6       5%          1
 Summon Small Mammal      Summ           72%        N/A       5%          1
 Jinxbite                 Hex            100%       N/A       0%          2
 Confusing Touch          Hex            94%        N/A       0%          3
 Tukima's Dance           Hex            94%        N/A       0%          3
 Cigotuvi's Dreadful Rot  Necr/Pois/Air  78%        N/A       1%          2
 Ensorcelled Hibernation  Hex/Ice        100%       N/A       1%          2
 Inner Flame              Hex/Fire       72%        N/A       1%          3
 Stone Arrow              Conj/Erth      98%        3d13      1%          3
 Vampiric Draining        Necr           69%        2d10      1%          3
 Anguish                  Hex/Necr       41%        N/A       1%          4
 Animate Dead             Necr           69%        N/A       1%          4
 Dispel Undead            Necr           69%        3d23      1%          4
 Fulminant Prism          Conj/Hex       33%        3d16      1%          4
 Lesser Beckoning         Tloc           74%        N/A       2%          2
 Agony                    Necr           69%        N/A       2%          5
 Lee's Rapid Deconstruct  Erth           34%        3d17*     2%          5
 Metabolic Englaciation   Hex/Ice        33%        N/A       3%          5
 Silence                  Hex/Air        33%        N/A       3%          5
 Summon Mana Viper        Hex/Summ       67%        N/A       3%          5
 Momentum Strike          Conj/Tloc      56%        3d9       4%          2
 Gell's Gravitas          Tloc           37%        N/A       4%          3
 Teleport Other           Tloc           37%        N/A       4%          3
 Brom's Barrelling Bould  Conj/Erth      49%        2d7       7%          4
 Petrify                  Tmut/Erth      49%        N/A       7%          4
 Call Imp                 Summ           36%        N/A       8%          2
 Poisonous Vapours        Pois/Air       36%        N/A       8%          2
 Searing Ray              Conj           36%        2d5       8%          2
 Static Discharge         Conj/Air       36%        2-4/arc   8%          2
 Wereblood                Tmut           18%        N/A       8%          2
 Ignite Poison            Fire/Tmut/Pois 25%        N/A       11%         3
 Death Channel            Necr           34%        N/A       13%         6
 Call Canine Familiar     Summ           18%        N/A       16%         3
 Frozen Ramparts          Ice            36%        1d6       16%         3
 Hailstorm                Conj/Ice       18%        3d6       16%         3
 Mephitic Cloud           Conj/Pois/Air  18%        N/A       16%         3
 Ozocubu's Armour         Ice            18%        N/A       16%         3
 Manifold Assault         Tloc           37%        N/A       16%         4
 Flame Wave               Conj/Fire      28%        2d9       28%         4
 Iskenderun's Mystic Bla  Conj/Tloc      28%        2d7       28%         4
 Sticky Flame             Conj/Fire      28%        2d5       28%         4
 Airstrike                Air            9%         2d(2-18)  45%         4
 Summon Ice Beast         Ice/Summ       18%        N/A       45%         4
 Summon Lightning Spire   Summ/Air       18%        N/A       45%         4
 Fireball                 Conj/Fire      14%        3d8       61%         5
 Summon Forest            Summ/Tloc      14%        N/A       61%         5
 Bombard                  Conj/Erth      24%        9d5       71%         6
 Simulacrum               Ice/Necr       24%        N/A       71%         6
 Arcjolt                  Conj/Air       9%         1d19      82%         5
 Irradiate                Conj/Tmut      9%         3d14      82%         5
 Dispersal                Tloc           18%        N/A       93%         6
 Plasma Beam              Fire/Air       14%        2x1d25    99%         6
 Starburst                Conj/Fire      14%        6d6       99%         6
 Haunt                    Necr/Summ      24%        N/A       99%         7
 Infestation              Necr           34%        N/A       99%         8
 Conjure Ball Lightning   Conj/Air       9%         3x3d6     100%        6
 Eringya's Noxious Bog    Tmut/Pois      9%         4d6       100%        6
 Summon Cactus Giant      Summ           9%         N/A       100%        6
 Malign Gateway           Summ/Tloc      14%        N/A       100%        7
 Monstrous Menagerie      Summ           9%         N/A       100%        7
 Orb of Destruction       Conj           9%         9d6       100%        7
 Ozocubu's Refrigeration  Ice            9%         4d9       100%        7
 Spellforged Servitor     Conj/Summ      9%         N/A       100%        7
 Summon Hydra             Summ           9%         N/A       100%        7
 Disjunction              Tloc           18%        N/A       100%        8
 Ignition                 Fire           18%        3d7       100%        8
 Lehudib's Crystal Spear  Conj/Erth      24%        10d7      100%        8
 Maxwell's Capacitive Co  Air            9%         ∞         100%        8
 Dragon's Call            Summ           9%         N/A       100%        9
 Polar Vortex             Ice            9%         12d1*     100%        9
 Blink                    Tloc           Unusable   N/A       N/A         2
 Vhi's Electric Charge    Tloc/Air       Unusable   N/A       N/A         4

Dungeon Overview and Level Annotations

Branches:
Dungeon (15/15)            Temple (1/1) D:7            Lair (5/5) D:9
 Shoals (4/4) Lair:3        Snake (4/4) Lair:3        Slime (5/5) Lair:4
    Orc (2/2) D:12            Elf (3/3) Orc:2        Vaults (4/5) D:14
  Crypt (2/3) Vaults:2     Depths (4/4) D:15            Zot (0/5) Depths:4
Ossuary (visited)           IceCv (visited)          WizLab (visited)

Altars:
Ashenzari
Cheibriados
Dithmenos
Elyvilon
Fedhas
Gozag
Hepliaklqana
Kikubaaqudgha
Makhleb
Nemelex Xobeh
Okawaru
Qazlal
Ru
Sif Muna
Trog
Uskayaw
Vehumet
Wu Jian
Xom
Yredelemnul
Zin
The Shining One
Jiyva
Lugonu

Shops:
D:6 *   Orc:1 (   Orc:2 ![*=[   Elf:3 :   Snake:2 *   Snake:3 =   Vaults:1 ?
Vaults:2 ?   Vaults:4 (   Depths:2 =:=

Portals:
Hell: Depths:1 Depths:2 Depths:3 Depths:4
Abyss: Depths:3
Pandemonium: Depths:1 Depths:2
Ziggurat: Depths:4

Annotations:
D:13 Couluus's ghost, journeyman MiBe
Orc:2 2 transporters, qipq's ghost, journeyman FeNe
Elf:2 3 runed translucent doors
Vaults:4 2 runed translucent doors


Innate Abilities, Weirdness & Mutations

Your life essence is reduced to manifest your ancestor. (-10% HP)
You cannot be hasted, slowed, berserked, paralysed or teleported.
You can dig through walls and to a lower floor.
You have a pair of large antennae on your head. (SInv)
Your four strong arms can wield two-handed weapons with a shield.
You are clumsy. (Dex -2)
You are weak. (Str -2)
You occasionally lose the ability to drink potions when taking damage.


Message History

Tankster McGee blocks the storm dragon zombie's attack.
The storm dragon zombie barely misses Tankster McGee.
Tankster McGee blocks the storm dragon zombie's attack.
The phantasmal warrior hits you but does no damage.
You block the tormentor's attack. x2
Unknown command.
Casting: Borgnjor's Vile Clutch (mildly dangerous; 2% risk of failure)
Confirm with . or Enter, or press ? or * to list all spells.
The ground around you becomes liquefied!
The tormentor completely misses you. You block the tormentor's attack.
The storm dragon zombie bites Tankster McGee!
Tankster McGee blocks the storm dragon zombie's attack. x2
The phantasmal warrior hits you!!
* * * LOW HITPOINT WARNING * * *
You are confused.
You feel invigorated. The tormentor hits you.
* * * LOW HITPOINT WARNING * * *
You feel threatened and lose the ability to drink potions!
The tormentor barely misses you.
Tankster McGee blocks the storm dragon zombie's attack. x2
The storm dragon zombie tramples Tankster McGee.
Tankster McGee holds his ground!
The phantasmal warrior hits you!!
* * * LOW HITPOINT WARNING * * *
Tankster McGee barely misses the storm dragon zombie.
The tormentor hits you but does no damage. x2
Unknown command.
You shoot an arrow. Tankster McGee avoids your attack.
The arrow hits the storm dragon zombie.
The arrow burns the storm dragon zombie.
The storm dragon zombie is lightly damaged.
The storm dragon zombie bites Tankster McGee but does no damage.
Tankster McGee blocks the storm dragon zombie's attack. x2
The phantasmal warrior misses you.
Tankster McGee hits the storm dragon zombie with a +0 broad axe of speed!
The tormentor calls on the powers of darkness!
Your body is wracked with pain!
* * * LOW HITPOINT WARNING * * *
Unknown command.
You shoot an arrow. The phantasmal warrior hits you!!
You die...

<..#....'........
.#.#....#........
.#.#............. ### {
.#.#....#.......# ..# {{
.#.#....#.......# #.##, ##
.#.#....######... .{. ,..
.#.############## #{##.#
.#?# #........§2####{...###[
.#.# #........#W@RWZ{{...†)†
##.###........#######{ZZ....
....##).......+ { .......
....'.).......# .......
....###......... ######.
.#'## #..........
##.#####.........
................
....####......#


You could see the friendly Tankster McGee the knight (fast, reflecting), a
putrid mouth, a phantasmal warrior and a tormentor (struggling).

Vanquished Creatures
  the Royal Jelly (Slime:5)
  A juggernaut (Depths:3)
  The ghost of deprived the Bringer of Light, a veteran HOFi of the Shining One (Vaults:4)
  Saint Roka (Vaults:4)
  Margery (Vaults:4)
  A caustic shrike (Depths:2)
  A Tzitzimitl (Crypt:2)
  A Hellbinder (WizLab)
  A doom hound (Crypt:2)
  3 tentacled monstrosities (Depths:3)
  A lich (IceCv)
  A deep elf blademaster (Elf:3)
  A walking frostbound tome (Depths:3)
  3 sphinxes
  12 acid blobs
  3 krakens (Shoals:2)
  An ancient champion (Crypt:1)
  Kirke (Lair:3)
  A revenant (Crypt:1)
  2 storm dragons
  3 nagarajas (Snake:4)
  5 rockslimes
  A shadow dragon (Depths:2)
  Donald (Vaults:1)
  4 tengu reavers
  A draconian monk (Depths:4)
  3 fire giants
  8 azure jellies
  4 frost giants
  3 deep elf sorcerers (Elf:3)
  10 vault wardens
  2 balrugs
  2 orc warlords
  2 deep elf elementalists (Elf:3)
  18 ironbound preservers
  2 formless jellyfish
  2 reapers
  A caustic shrike skeleton (Crypt:2)
  A war gargoyle (Vaults:4)
  11 quicksilver oozes
  A cacodemon (WizLab)
  A spriggan defender (Depths:3)
  3 ironbound thunderhulks
  2 deep elf demonologists (Elf:3)
  A very ugly thing (Depths:2)
  A demonspawn black sun (WizLab)
  12 stone giants
  An apis (Shoals:4)
  A green draconian (Depths:4)
  A lorocyproca (WizLab)
  9 vampire knights
  4 deep elf annihilators (Elf:3)
  A black draconian (Depths:4)
  2 dire elephants
  A red draconian (Depths:4)
  3 spark wasps
  A yellow draconian (Depths:4)
  2 eidola
  2 blizzard demons
  A crystal guardian (Vaults:4)
  8 merfolk impalers
  5 deep elf death magi
  6 merfolk javelineers
  7 jiangshi
  6 deep elf high priests
  10 ettins
  11 yaktaur captains
  An entropy weaver (Vaults:2)
  5 great orbs of eyes
  4 fire dragons
  8 vault guards
  5 ice dragons
  14 anacondas
  2 caustic shrike simulacra (IceCv)
  3 rakshasas
  A salamander tyrant (Snake:4)
  2 hell beasts (WizLab)
  8 centaur warriors
  9 ironbound frosthearts
  A spriggan air mage (Depths:2)
  5 two-headed ogres
  4 hydras
  A spriggan skeleton (Crypt:1)
  2 death knights (Crypt:1)
  A catoblepas (Shoals:4)
  14 dancing weapons
  9 merfolk aquamancers
  2 deep troll shamans
  A death yak (Shoals:4)
  3 boulder beetles
  2 tengu warriors (Depths:2)
  2 hell hogs (Depths:4)
  4 deep troll earth magi
  13 naga sharpshooters
  14 naga warriors
  4 vampire magi
  12 deep elf knights
  A titan skeleton (Crypt:2)
  4 soul eaters
  8 shock serpents
  2 spriggan berserkers (Depths:3)
  5 hell knights
  2 sun demons
  8 spriggans
  A golden dragon zombie (Crypt:1)
  4 skysharks
  3 salamander mystics (Snake:3)
  20 skeletal warriors
  A fire crab (shapeshifter) (Depths:3)
  3 iron trolls
  10 sea snakes
  2 sixfirhies (WizLab)
  Lodul (D:13)
  2 shadow demons (WizLab)
  An obsidian statue (IceCv)
  4 glowing orange brains
  3 flayed ghosts
  48 deep trolls
  2 cherubim (Shoals:4)
  4 naga ritualists
  16 ironbound convokers
  22 harpies
  An orange crystal statue (Elf:2)
  4 deep elf archers
  10 wizards
  A fenstrider witch simulacrum (Crypt:1)
  7 lindwurms
  2 bog bodies (IceCv)
  7 phantasmal warriors
  5 orc knights
  A bunyip skeleton (Crypt:1)
  25 deep elf pyromancers
  22 deep elf zephyrmancers
  37 ugly things
  11 mana vipers
  3 necromancers
  11 salamanders
  A wolf spider (D:15)
  A shadow dragon skeleton (Crypt:1)
  5 shining eyes
  An oklob plant (Lair:2)
  9 fauns
  An orc sorcerer (Vaults:4)
  7 cyclopes
  3 merfolk sirens
  11 manticores
  4 elephants (Lair:4)
  3 guardian serpents
  30 black mambas
  A water nymph (Shoals:1)
  A centaur skeleton (Crypt:1)
  2 torpor snails (Lair:2)
  3 rust devils (WizLab)
  12 vault sentinels
  19 naga magi
  2 centaur zombies (Crypt:1)
  2 smoke demons
  2 gargoyles (D:12)
  An orange demon (Depths:2)
  11 cane toads
  A yaktaur (shapeshifter) (Elf:1)
  Psyche (D:11)
  4 komodo dragons
  An anaconda simulacrum (IceCv)
  5 ice devils
  3 unseen horrors
  9 yaktaurs
  2 kobold demonologists (D:12)
  3 red devils (WizLab)
  2 tormentors
  A tengu conjurer (Depths:1)
  10 freezing wraiths (IceCv)
  3 golden dragon simulacra (IceCv)
  14 merfolk
  5 trolls
  2 polar bears
  A harpy zombie (Crypt:1)
  4 hellwings
  5 alligator simulacra (IceCv)
  2 wind drakes
  A wind drake (shapeshifter) (Depths:2)
  Grinder (D:6)
  8 hornets
  9 blink frogs
  8 dream sheep
  A slime creature (shapeshifter) (Depths:3)
  12 snapping turtles
  2 air elementals (Elf:1)
  A centaur simulacrum (D:15)
  8 wyverns
  54 slime creatures
  3 shadows
  A ynoxinul (WizLab)
  3 hogs (Lair:3)
  2 dire elephant simulacra (IceCv)
  14 water elementals
  35 yaks
  3 vampires
  2 wraiths
  6 fire elementals
  5 basilisks
  2 chaos spawn (Depths:2)
  A golden eye (Slime:5)
  A minotaur simulacrum (IceCv)
  13 vampire mosquitoes
  2 neqoxecs (WizLab)
  Menkaure (Ossuary)
  5 harpy simulacra (IceCv)
  2 wargs
  36 nagas
  2 hydra simulacra (IceCv)
  A floating eye (Depths:1)
  16 water moccasins
  A naga skeleton (Crypt:1)
  Duvessa (D:7)
  27 orc warriors
  7 black bears
  An ice beast (D:5)
  A sky beast (D:7)
  A demonspawn skeleton (Crypt:1)
  An ettin simulacrum (IceCv)
  6 boggarts
  A swamp dragon zombie (Crypt:1)
  11 centaurs
  12 ogres
  40 wolves
  A phantom (D:5)
  A hog skeleton (Crypt:1)
  A komodo dragon zombie (Crypt:1)
  9 bullfrogs
  2 deep troll simulacra (IceCv)
  3 kobold brigands (D:12)
  A gnoll sergeant (D:12)
  4 earth elementals (Elf:2)
  3 scorpions (D:5)
  14 wights
  Dowan (D:7)
  A lindwurm simulacrum (IceCv)
  11 killer bees
  2 howler monkeys (D:12)
  3 electric eels (D:9)
  8 hounds
  2 gnoll boudas (D:9)
  2 jellies
  12 orc priests
  12 orc wizards
  A sleepcap (D:5)
  5 iguanas
  6 hell rats
  3 mummies (Ossuary)
  9 adders
  15 gnolls
  2 shadow imps
  4 white imps
  4 dart slugs
  78 orcs
  2 bats (D:1)
  4 endoplasms
  11 giant cockroaches
  6 goblins
  9 hobgoblins
  8 jackals
  6 ball pythons
  An endoplasm zombie (Crypt:1)
  A frilled lizard (D:1)
  4 gnoll skeletons (Ossuary)
  5 gnoll zombies (Ossuary)
  3 goblin skeletons (Ossuary)
  A goblin zombie (Ossuary)
  6 hobgoblin skeletons (Ossuary)
  3 hobgoblin zombies (Ossuary)
  8 kobolds
  7 kobold skeletons (Ossuary)
  3 kobold zombies (Ossuary)
  An orc skeleton (Ossuary)
  8 orc zombies (Ossuary)
  3 rats
  4 rat skeletons (Ossuary)
  5 rat zombies (Ossuary)
  A spectral weapon (Depths:2)
  4 tentacles (Shoals:2)
1620 creatures vanquished.

Vanquished Creatures (collateral kills)
  Bai Suzhen (Crypt:1)
  A golden dragon (Depths:4)
  Jorgrun (Snake:2)
  A titan (Depths:3)
  A deep elf master archer (Elf:3)
  Grunn (Crypt:2)
  2 deep elf blademasters (Elf:3)
  5 acid blobs (Slime:5)
  A kraken (Shoals:2)
  Polyphemus (Shoals:4)
  A sphinx (Vaults:4)
  Frances (D:13)
  An ancient champion (Crypt:1)
  2 rockslimes (Slime:5)
  A shadow dragon (Depths:1)
  An iron dragon (Depths:3)
  6 nagarajas
  A frost giant (Depths:3)
  A vault warden (Vaults:4)
  3 deep elf sorcerers (Elf:3)
  A balrug (WizLab)
  The ghost of temujin the Ruinous, an adept DECj of Sif Muna (Elf:2)
  A cacodemon (WizLab)
  A deep elf elementalist (Elf:3)
  5 ironbound preservers
  An angel (Shoals:4)
  A stone giant (Depths:1)
  A spriggan defender (Depths:2)
  2 quicksilver oozes
  4 deep elf demonologists (Elf:3)
  A deep elf annihilator (Elf:3)
  A spark wasp (Depths:3)
  An ettin (Depths:1)
  7 merfolk impalers
  2 jiangshi (Crypt:1)
  A deep elf high priest (Elf:3)
  A merfolk javelineer (Shoals:4)
  6 vault guards
  A rakshasa (Depths:2)
  A great orb of eyes (Vaults:3)
  A fenstrider witch zombie (Crypt:1)
  A hell beast (Depths:4)
  A hydra (D:14)
  A salamander tyrant (Snake:4)
  A peacekeeper (Vaults:4)
  A caustic shrike simulacrum (IceCv)
  4 anacondas
  A boulder beetle (Vaults:1)
  An ironbound frostheart (Vaults:1)
  An alligator snapping turtle (Shoals:2)
  4 dancing weapons
  3 centaur warriors
  A merfolk aquamancer (Shoals:3)
  2 hell hogs (Depths:4)
  A vampire mage (Crypt:1)
  3 death yaks (Shoals:4)
  A satyr (Shoals:2)
  A tengu warrior (D:13)
  10 naga warriors
  3 shock serpents
  A spriggan berserker (Depths:2)
  2 sun demons (Depths:4)
  5 naga sharpshooters
  2 deep elf knights (Elf:1)
  2 skysharks
  A salamander mystic (Snake:4)
  An iron troll (Depths:3)
  2 skeletal warriors
  4 sea snakes
  A glowing orange brain (Depths:1)
  12 deep trolls
  2 cherubim (Shoals:4)
  A flayed ghost (Depths:2)
  A bog body (IceCv)
  4 deep elf archers
  2 wizards
  An ironbound convoker (Vaults:1)
  17 harpies
  3 naga ritualists (Snake:4)
  A lindwurm (Vaults:3)
  3 deep elf zephyrmancers
  5 deep elf pyromancers
  2 necromancers
  An orc sorcerer (Orc:2)
  An orc knight (Vaults:3)
  6 mana vipers
  3 salamanders
  2 fauns
  14 ugly things
  4 manticores
  A goliath frog skeleton (Crypt:2)
  A salamander (shapeshifter) (D:15)
  An oklob plant (Lair:2)
  An elephant (Lair:4)
  3 vault sentinels
  A guardian serpent (Snake:4)
  8 black mambas
  4 cane toads
  A naga mage (Snake:4)
  2 smoke demons
  2 komodo dragons (Lair:5)
  A yaktaur (Vaults:3)
  2 freezing wraiths
  A tormentor (WizLab)
  An anaconda simulacrum (IceCv)
  A harpy zombie (Crypt:1)
  9 merfolk
  A troll (D:12)
  A death drake zombie (Crypt:1)
  A polar bear (Lair:5)
  A wind drake (Shoals:2)
  A hornet (Depths:3)
  An alligator simulacrum (IceCv)
  A raiju (shapeshifter) (D:14)
  7 snapping turtles
  A dream sheep (Shoals:4)
  2 flying skulls (Crypt:2)
  23 slime creatures
  2 air elementals (Elf:3)
  2 water elementals
  4 spriggans
  10 yaks
  A minotaur simulacrum (IceCv)
  A chaos spawn (WizLab)
  A vampire mosquito (D:12)
  A harpy simulacrum (IceCv)
  13 nagas
  A warg (D:12)
  4 water moccasins
  A floating eye (Depths:3)
  A hydra simulacrum (IceCv)
  9 orc warriors
  An ettin simulacrum (IceCv)
  2 black bears (Lair:5)
  3 ogres
  8 wolves
  4 boggarts
  3 centaurs
  A kobold brigand (D:12)
  A bullfrog (Lair:1)
  An earth elemental (Elf:1)
  4 orc priests
  3 orc wizards
  A gnoll (D:12)
  15 orcs
  A goblin (D:12)
  A hobgoblin (D:12)
  2 tentacles (Shoals:2)
403 creatures vanquished.

Vanquished Creatures (others)
  2 doom hounds (Crypt:2)
  A deep elf master archer (Elf:3)
  A yaktaur captain (Vaults:4)
  3 centaur warriors
  A satyr (Shoals:4)
  A sea snake (Shoals:2)
  A cherub (Shoals:4)
  A cyclops (Shoals:4)
  13 dancing weapons
  A vault sentinel (Vaults:2)
  A guardian serpent (Snake:4)
  3 yaktaurs (Vaults:4)
  2 flying skulls (Crypt:2)
  A human (Lair:3)
  25 knights
  35 tentacles (Shoals:2)
92 creatures vanquished.

Grand Total: 2115 creatures vanquished

Notes
Turn   | Place    | Note
-------+----------+-------------------------------------------
     0 | D:1      | Bnni the Formicid Hexslinger began the quest for the Orb.
     0 | D:1      | Reached XP level 1. HP: 15/15 MP: 2/2
    77 | D:1      | Reached XP level 2. HP: 20/21 MP: 3/3
    97 | D:1      | Learned a level 2 spell: Jinxbite
   264 | D:1      | Reached XP level 3. HP: 26/26 MP: 4/4
  1098 | D:2      | Found a faded altar of an unknown god.
  1283 | D:2      | Found a glowing silver altar of Zin.
  1354 | D:2      | Reached XP level 4. HP: 31/32 MP: 6/6
  1480 | D:2      | Learned a level 3 spell: Inner Flame
  1488 | D:3      | Identified the +3 leather armour of the Louse {rF++ Str-2}
  1733 | D:3      | Reached XP level 5. HP: 38/38 MP: 7/7
  1780 | D:3      | Found an ornate altar of the Wu Jian Council.
  2020 | D:4      | Reached skill level 3 in Ranged Weapons
  2174 | D:4      | Reached XP level 6. HP: 46/46 MP: 9/9
  2175 | D:4      | Noticed a +0 dagger
  2176 | D:4      | Noticed a +0 hand axe
  2200 | D:4      | Reached skill level 5 in Hexes
  2308 | D:4      | Identified the amulet of Yniqutash {rF- Regen+ Str+5 Int+2
                  | Stlth+}
  2380 | D:4      | Found a hide-covered altar of Uskayaw.
  2680 | D:4      | Learned a level 4 spell: Cause Fear
  2681 | D:5      | Entered Level 5 of the Dungeon
  2725 | D:5      | Reached XP level 7. HP: 51/51 MP: 10/10
  2730 | D:5      | Found a sand-covered staircase.
  2735 | Ossuary  | Entered an ossuary
  2850 | Ossuary  | Reached skill level 4 in Ranged Weapons
  3262 | Ossuary  | Noticed Menkaure
  3266 | Ossuary  | Killed Menkaure
  3430 | D:5      | Learned a level 3 spell: Sigil of Binding
  3559 | D:5      | Reached skill level 1 in Translocations
  3608 | D:5      | Reached XP level 8. HP: 53/56 MP: 6/12
  3713 | D:5      | Reached skill level 5 in Ranged Weapons
  3811 | D:5      | Identified the +7 flail "Trog's Vengeance" {flame, rF+
                  | Will- rCorr Dex+7}
  4275 | D:6      | Reached skill level 6 in Ranged Weapons
  4275 | D:6      | Reached XP level 9. HP: 57/66 MP: 7/14
  4564 | D:6      | Found a sparkling altar of Nemelex Xobeh.
  4570 | D:6      | Noticed Grinder
  4575 | D:6      | Killed Grinder
  4576 | D:6      | Reached skill level 7 in Ranged Weapons
  4653 | D:6      | Found Gilion's Neck Hole.
  4804 | D:6      | Found a white marble altar of Elyvilon.
  5215 | D:7      | Found a staircase to the Ecumenical Temple.
  5224 | Temple   | Entered the Ecumenical Temple
  5268 | D:7      | Reached skill level 5 in Fighting
  5283 | D:7      | Noticed a hornet
  5285 | D:7      | Killed a hornet
  5286 | D:7      | Reached skill level 8 in Ranged Weapons
  5454 | D:7      | Noticed Duvessa
  5468 | D:7      | Killed Duvessa
  5469 | D:7      | Reached skill level 5 in Spellcasting
  5469 | D:7      | Reached XP level 10. HP: 74/74 MP: 11/17
  5614 | D:7      | Found a bloodstained altar of Trog.
  5623 | D:7      | Noticed Dowan
  5635 | D:7      | Killed Dowan
  5649 | D:7      | Found a shimmering blue altar of Sif Muna.
  5655 | D:7      | Got a quavering book
  5774 | D:7      | Reached skill level 9 in Ranged Weapons
  5945 | D:8      | Found a radiant altar of Vehumet.
  5986 | D:8      | Reached skill level 1 in Armour
  6472 | D:8      | Reached skill level 10 in Hexes
  6513 | D:8      | Reached skill level 10 in Ranged Weapons
  6609 | D:8      | Learned a level 3 spell: Tukima's Dance
  6614 | D:8      | Learned a level 4 spell: Dimensional Bullseye
  6970 | D:9      | Found an iron altar of Okawaru.
  7129 | D:9      | Noticed a cyclops
  7137 | D:9      | Killed a cyclops
  7214 | D:9      | Reached XP level 11. HP: 83/83 MP: 20/20
  7232 | D:9      | Reached skill level 11 in Ranged Weapons
  7496 | D:9      | Found a hazy altar of Hepliaklqana.
  7504 | D:9      | Became a worshipper of Hepliaklqana the Forgotten
  7615 | D:9      | Found a staircase to the Lair.
  7653 | D:9      | Noticed a two-headed ogre
  7669 | D:9      | Killed a two-headed ogre
  7670 | D:9      | Reached skill level 1 in Invocations
  7763 | D:9      | Noticed a two-headed ogre
  7778 | D:9      | Killed a two-headed ogre
  7779 | D:9      | Reached skill level 12 in Ranged Weapons
  8088 | D:10     | Entered Level 10 of the Dungeon
  8125 | D:10     | Noticed a two-headed ogre
  8136 | D:10     | Killed a two-headed ogre
  8508 | D:10     | Reached XP level 12. HP: 48/92 MP: 19/22
  8753 | D:10     | Identified the +1 robe of Ruqoi {Harm rN+ Dex-3}
  8836 | D:11     | Reached * piety under Hepliaklqana
  8910 | D:11     | Noticed Psyche
  8918 | D:11     | Killed Psyche
  8919 | D:11     | Reached skill level 5 in Armour
  8925 | D:11     | Reached skill level 13 in Ranged Weapons
  9398 | D:11     | Reached ** piety under Hepliaklqana
  9399 | D:11     | Remembered your ancestor Tankster McGee as a knight
  9614 | D:12     | Reached skill level 14 in Ranged Weapons
  9977 | D:12     | Found a staircase to the Orcish Mines.
 10232 | D:12     | Reached skill level 5 in Invocations
 10277 | D:12     | Reached XP level 13. HP: 52/89 MP: 5/24
 10674 | D:13     | Noticed a centaur warrior
 10683 | D:13     | Killed a centaur warrior
 10772 | D:13     | Reached *** piety under Hepliaklqana
 11288 | D:13     | Noticed Frances
 11327 | D:13     | Killed Frances
 11613 | D:13     | Noticed Lodul
 11625 | D:13     | Killed Lodul
 12233 | Lair:1   | Entered Level 1 of the Lair of Beasts
 12361 | Lair:1   | Reached skill level 15 in Ranged Weapons
 13254 | Lair:2   | Reached **** piety under Hepliaklqana
 13268 | Lair:2   | Reached XP level 14. HP: 98/98 MP: 22/26
 13346 | Lair:2   | Learned a level 5 spell: Borgnjor's Vile Clutch
 13349 | Lair:2   | Learned a level 2 spell: Sublimation of Blood
 13352 | Lair:2   | Learned a level 2 spell: Passwall
 13409 | Lair:2   | Reached skill level 1 in Earth Magic
 13482 | Lair:2   | Reached skill level 1 in Necromancy
 13689 | Lair:2   | Identified a scroll of acquirement
 13690 | Lair:2   | Acquired a +0 arbalest of freezing
 14406 | Lair:3   | Found a staircase to the Snake Pit.
 14442 | Lair:3   | Reached skill level 10 in Fighting
 14595 | Lair:3   | Found a staircase to the Shoals.
 14604 | Lair:3   | Identified the +0 hand axe of the Final Decision {flame,
                  | Fly Str+5 Int+2 Dex-4}
 14701 | Lair:3   | Noticed Kirke
 14707 | Lair:3   | Killed Kirke
 14879 | Lair:3   | Reached skill level 5 in Dodging
 14890 | Lair:3   | Identified the +0 leather armour of Optimism {Dex+2 SInv}
 14913 | Lair:3   | Reached ***** piety under Hepliaklqana
 15864 | Lair:4   | Found a viscous altar of Jiyva.
 15864 | Lair:4   | Found a staircase to the Slime Pits.
 16151 | Lair:5   | Entered Level 5 of the Lair of Beasts
 16161 | Lair:5   | Identified the +1 leather armour "Damnable Contraption"
                  | {Stlth+}
 16202 | Lair:5   | Found an iron altar of Okawaru.
 16242 | Lair:5   | Reached skill level 15 in Hexes
 16242 | Lair:5   | Reached skill level 5 in Earth Magic
 16328 | Lair:5   | Reached XP level 15. HP: 104/104 MP: 28/28
 16725 | Lair:5   | Reached skill level 5 in Necromancy
 16753 | Lair:5   | Reached skill level 16 in Ranged Weapons
 16865 | Lair:5   | Identified the +3 robe of Snakes and Ladders {Regen+ Str+6}
 17374 | Orc:1    | Entered Level 1 of the Orcish Mines
 17461 | Orc:2    | Entered Level 2 of the Orcish Mines
 17478 | Orc:2    | Found Ganif's Antique Armour Shop.
 17811 | Orc:2    | Found a transporter.
 17819 | Orc:2    | Found a transporter.
 17822 | Orc:2    | Found a bloodstained altar of Trog.
 17822 | Orc:2    | Noticed qipq's ghost (journeyman FeNe)
 17831 | Orc:2    | Noticed a stone giant
 17941 | Orc:2    | Found a staircase to the Elven Halls.
 17996 | Orc:2    | Found Ruutov's Antique Armour Boutique.
 17996 | Orc:2    | Found Impicle's General Store.
 17998 | Orc:2    | Found Opoliade's Jewellery Shoppe.
 18000 | Orc:2    | Found Kips's Distillery.
 18007 | Orc:2    | Bought a potion of heal wounds for 75 gold pieces
 18010 | Orc:2    | Bought a potion of heal wounds for 60 gold pieces
 18106 | Orc:2    | Found a burning altar of Makhleb.
 18405 | Orc:1    | Reached ****** piety under Hepliaklqana
 18443 | Orc:1    | Found Bowupp's Antique Weapon Shoppe.
 18835 | Orc:2    | Bought a smouldering leather armour for 210 gold pieces
 18835 | Orc:2    | Identified the +0 leather armour "Tefamono" {Will- Int+8
                  | Dex+4 SInv} (You bought it in a shop on level 2 of the
                  | Orcish Mines)
 19006 | D:14     | Found a runed translucent door.
 19052 | D:14     | Noticed Couluus's ghost (journeyman MiBe)
 19090 | D:14     | Found a gate to the Vaults.
 20164 | D:14     | Reached skill level 10 in Spellcasting
 20187 | D:13     | You fall into a shaft and drop 1 floor!
 20352 | D:14     | Acquired the ring of Creativity {rElec MP+9 Int+8}
 20358 | D:14     | Upgraded the game from 0.31-a0-844-gdc52ec4e09 to
                  | 0.31-a0-845-g9abc20d24f
 20359 | D:15     | Entered Level 15 of the Dungeon
 20494 | D:15     | Reached XP level 16. HP: 107/112 MP: 30/30
 20510 | D:15     | Found a shimmering altar of Xom.
 20512 | D:15     | Found a shimmering altar of Xom.
 20512 | D:15     | Found a shimmering altar of Xom.
 20513 | D:15     | Found a shimmering altar of Xom.
 20514 | D:15     | Found a shimmering altar of Xom.
 21015 | D:15     | Found a broken altar of Ashenzari.
 21297 | D:15     | Found a staircase to the Depths.
 21659 | Snake:1  | Entered Level 1 of the Snake Pit
 21714 | Snake:1  | Found an iron altar of Okawaru.
 22929 | Snake:2  | Reached skill level 17 in Ranged Weapons
 22965 | Snake:2  | Noticed Jorgrun
 22968 | Snake:2  | Noticed a nagaraja
 22979 | Snake:2  | Killed Jorgrun
 23031 | Snake:2  | Killed a nagaraja
 23150 | Snake:2  | Reached skill level 10 in Invocations
 23233 | Snake:2  | Found Wagaxups's General Store.
 23302 | Snake:2  | Reached skill level 10 in Earth Magic
 23302 | Snake:2  | Reached XP level 17. HP: 119/119 MP: 31/31
 23709 | Snake:3  | Found a frozen archway.
 23715 | IceCv    | Entered an ice cave
 23909 | IceCv    | Identified the +2 pair of gloves "Vantol" {Int+3}
 24078 | IceCv    | Found an ancient bone altar of Kikubaaqudgha.
 24147 | IceCv    | Got a moth-eaten book
 24166 | IceCv    | Noticed a lich
 24178 | IceCv    | Killed a lich
 24306 | IceCv    | Reached skill level 1 in Shields
 24900 | Snake:3  | Reached skill level 10 in Necromancy
 25431 | Snake:3  | Found Nedaode's Jewellery Shoppe.
 25904 | Snake:4  | Entered Level 4 of the Snake Pit
 25988 | Snake:4  | Reached skill level 18 in Ranged Weapons
 26077 | Snake:4  | Reached XP level 18. HP: 127/127 MP: 32/32
 26433 | Snake:4  | Reached skill level 5 in Shields
 26649 | Snake:4  | Got a fusty book
 27326 | Snake:4  | Reached skill level 19 in Ranged Weapons
 27334 | Snake:4  | Reached XP level 19. HP: 73/135 MP: 3/33
 27538 | Snake:4  | Got a serpentine rune of Zot
 27954 | Shoals:1 | Entered Level 1 of the Shoals
 28084 | Shoals:1 | Learned a level 1 spell: Apportation
 28193 | Shoals:1 | Learned a level 3 spell: Summon Guardian Golem
 28775 | Shoals:2 | Identified the +0 leather armour "Tushi" {Dex+7}
 29182 | Shoals:2 | HP: 6/136 [wind drake/the air (18)]
 29468 | Shoals:3 | Reached skill level 10 in Dodging
 29793 | Shoals:3 | Reached XP level 20. HP: 144/144 MP: 34/34
 29872 | Shoals:4 | Entered Level 4 of the Shoals
 29888 | Shoals:4 | Noticed Polyphemus
 29896 | Shoals:4 | Reached skill level 20 in Ranged Weapons
 29909 | Shoals:4 | Killed Polyphemus
 29946 | Shoals:4 | Reached skill level 10 in Shields
 30091 | Shoals:4 | Found a white marble altar of Elyvilon.
 30557 | Shoals:4 | Identified the +1 short sword of Vengeance {elec, *Rage
                  | rElec Will+++ Str+3}
 30560 | Shoals:4 | Got a barnacled rune of Zot
 30773 | Shoals:4 | Found a glowing silver altar of Zin.
 30816 | Shoals:4 | Identified the +12 long sword of Success {freeze, Will+}
 31034 | Shoals:4 | Reached skill level 15 in Fighting
 31047 | Shoals:4 | Found a glowing golden altar of the Shining One.
 31188 | Shoals:4 | Identified the staff of the Vaults {rF++ rC+ Int-5 Ice Air}
 31453 | Vaults:1 | Entered Level 1 of the Vaults
 31742 | Vaults:1 | Noticed Donald
 31751 | Vaults:1 | Killed Donald
 32121 | Vaults:1 | Found Uclang's Magic Scroll Emporium.
 32204 | Vaults:1 | Reached XP level 21. HP: 152/152 MP: 29/35
 32234 | Vaults:1 | Identified the ring of the Tuna {rN+ rCorr Int+2}
 32261 | Vaults:1 | Found the +27 heavy crossbow "Sniper" {heavy, Acc+∞ SInv}
 32267 | Vaults:1 | Identified the +6 sling of Vanity {flame, rElec rPois rF+
                  | rCorr}
 32277 | Vaults:1 | Identified the ring "Eppaaliv" {Fly rPois rF- Int-4 Dex+8}
 33184 | Vaults:2 | You fall into a shaft and drop 2 floors!
 33220 | Vaults:4 | Reached skill level 15 in Shields
 33362 | Vaults:4 | Noticed Margery
 33373 | Vaults:4 | Killed Margery
 33444 | Vaults:4 | Identified the ring of Elyvilon's Castigation {rN+ EV+5
                  | Stlth+}
 33794 | Vaults:4 | Noticed Saint Roka
 33801 | Vaults:4 | Killed Saint Roka
 34049 | Vaults:4 | Reached XP level 22. HP: 160/160 MP: 36/36
 34120 | Vaults:4 | Acquired 969 gold pieces
 34171 | Vaults:4 | Found a large runed translucent door.
 34171 | Vaults:4 | Found a large runed translucent door.
 34171 | Vaults:4 | Found a large runed translucent door.
 34171 | Vaults:4 | Found a large runed translucent door.
 34171 | Vaults:4 | Found a large runed translucent door.
 34171 | Vaults:4 | Found a large runed translucent door.
 34171 | Vaults:4 | Found a large runed translucent door.
 34171 | Vaults:4 | Found a large runed translucent door.
 34171 | Vaults:4 | Noticed deprived's ghost (veteran HOFi)
 34416 | Vaults:4 | Reached skill level 21 in Ranged Weapons
 34675 | Vaults:4 | Killed deprived's ghost
 34715 | Vaults:4 | Got a droning book
 34757 | Vaults:4 | Found Wilonizue's Antique Weapon Shoppe.
 36164 | Vaults:2 | Found Inyhois's Magic Scroll Shop.
 36173 | Vaults:2 | Bought a scroll of enchant weapon for 105 gold pieces
 36215 | Vaults:2 | Reached XP level 23. HP: 167/167 MP: 37/37
 36476 | Vaults:2 | Found a staircase to the Crypt.
 37015 | Depths:1 | Entered Level 1 of the Depths
 37086 | Depths:1 | Found a gateway to Hell.
 37248 | Depths:1 | Found a one-way gate leading to the halls of Pandemonium.
 37375 | Depths:1 | Learned a level 5 spell: Lee's Rapid Deconstruction
 37567 | Depths:1 | Reached skill level 22 in Ranged Weapons
 37790 | Depths:1 | Identified the ring "Xeigon" {AC+4 Str+5}
 38148 | Depths:1 | Learned a level 4 spell: Leda's Liquefaction
 38259 | Depths:2 | Found Qidwid's Jewellery Emporium.
 38259 | Depths:2 | Found Noaraul's Book Boutique.
 38260 | Depths:2 | Found Qiecw's Jewellery Emporium.
 38268 | Depths:2 | Bought a book of Misfortune for 648 gold pieces
 38276 | Depths:2 | Learned a level 5 spell: Yara's Violent Unravelling
 39155 | Depths:2 | Noticed a caustic shrike
 39159 | Depths:2 | Killed a caustic shrike
 39257 | Depths:2 | Identified the quicksilver dragon scales "Caonguaq" {rElec
                  | Will+ Str+3}
 39261 | Depths:2 | Got a sparkling book
 39800 | Snake:2  | Bought a scroll of amnesia for 56 gold pieces
 40000 | Orc:2    | Bought a fading leather armour for 231 gold pieces
 40000 | Orc:2    | Identified the +1 leather armour of Infinity {rC++ Will++
                  | Stlth-} (You bought it in a shop on level 2 of the Orcish
                  | Mines)
 40211 | Depths:3 | Found a magical portal.
 40220 | WizLab   | Entered The Hall of the Hellbinder
 40273 | WizLab   | Gained mutation: You occasionally lose the ability to drink
                  | potions when taking damage. [a cacodemon]
 40294 | WizLab   | Reached XP level 24. HP: 175/176 MP: 31/37
 40703 | WizLab   | Found a burning altar of Makhleb.
 40712 | WizLab   | Identified the +4 hand axe "Fuumeonimi" {antimagic, Int+3}
 40716 | WizLab   | Got a peculiar book
 40717 | WizLab   | Identified the ring "Tuiz" {+Blink EV+5 Int+4 Stlth-}
 40744 | WizLab   | Identified the +7 chain mail "Roivyc" {Str-4 Int+3 Dex+3}
 40745 | WizLab   | Identified the +2 cloak of Vejeubi {+Inv rC+ rN+}
 40940 | Depths:3 | Noticed a juggernaut
 40944 | Depths:3 | Killed a juggernaut
 40954 | Depths:3 | Learned a level 7 spell: Enfeeble
 41059 | Depths:3 | Found a portal to a secret trove of treasure.
 41204 | Depths:3 | You paid a toll of a +8 demon blade to enter a treasure
                  | trove
 41205 | Trove    | Entered a treasure trove
 41215 | Trove    | Found the +3 giant club "Skullcrusher" {speed, Str+7}
 41217 | Trove    | Identified the +7 hand cannon "Kugeck" {heavy, rF+ Dex+4}
 41220 | Trove    | Identified the +0 spear "Gitimiex" {heavy, rF+ rCorr Str+2}
 41244 | Trove    | Identified the ring of Nafergh {rN+ Dex+3}
 41681 | Depths:3 | Found a corrupted altar of Lugonu.
 41681 | Depths:3 | Found a one-way gate to the infinite horrors of the Abyss.
 41790 | Depths:4 | Entered Level 4 of the Depths
 41802 | Depths:4 | Noticed a golden dragon
 41805 | Depths:4 | Killed a golden dragon
 41814 | Depths:4 | Found a gate to the Realm of Zot.
 41951 | Depths:4 | Found a one-way gateway to a ziggurat.
 42733 | Elf:1    | Entered Level 1 of the Elven Halls
 42868 | Elf:1    | Reached skill level 23 in Ranged Weapons
 43693 | Elf:2    | Reached XP level 25. HP: 183/183 MP: 38/38
 43728 | Elf:2    | Found a runed translucent gate.
 43728 | Elf:2    | Found a runed translucent gate.
 43728 | Elf:2    | Found a runed translucent gate.
 43735 | Elf:2    | Noticed temujin's ghost (adept DECj)
 43824 | Elf:2    | Killed temujin's ghost
 43976 | Elf:2    | Found a runed translucent gate.
 43976 | Elf:2    | Found a runed translucent gate.
 43986 | Elf:2    | Found a runed translucent gate.
 44300 | Elf:3    | Entered Level 3 of the Elven Halls
 44387 | Elf:3    | Found Vufouhar's Book Shop.
 44400 | Elf:3    | Bought a book of Chaos for 500 gold pieces
 44400 | Elf:3    | Bought a book of Changes for 180 gold pieces
 44733 | Elf:3    | Identified the +8 trident of Wadd {freeze, rN+ Int+3}
 44987 | Elf:3    | Identified the +5 sling "Ciawon" {heavy, Fragile Will++
                  | rCorr SInv}
 45123 | Elf:3    | Identified the +2 demon blade of Grace {pain, rF+ rC+ rN++
                  | Str-5 SInv}
 45148 | Elf:3    | Identified the +2 helmet of Amoetic {Harm +Blink}
 45201 | Elf:3    | Identified the ring of Esiriv {EV+5 Str+4 Int-2}
 45204 | Elf:3    | Identified the ring "Cogrun" {Str+4 Slay+4}
 45209 | Elf:3    | Got a leatherbound book
 45881 | Slime:1  | Entered Level 1 of the Pits of Slime
 45888 | Slime:1  | Gained mutation: You are clumsy. (Dex -2) [a shining eye]
 46654 | Slime:5  | Entered Level 5 of the Pits of Slime
 46940 | Slime:5  | Found a viscous altar of Jiyva.
 47020 | Slime:5  | Noticed the Royal Jelly
 47042 | Slime:5  | Killed the Royal Jelly
 47125 | Slime:5  | Identified the +3 trident of Floods {freeze, rF- rC+ rN+
                  | rCorr}
 47159 | Slime:5  | Found the +10 Black Knight's barding {ponderous, rPois rN+}
 47253 | Slime:5  | Got a murmuring book
 47256 | Slime:5  | Got a slimy rune of Zot
 47311 | Slime:5  | Gained mutation: You are weak. (Str -2) [a shining eye]
 47459 | Slime:5  | Reached XP level 26. HP: 187/191 MP: 38/38
 47644 | Slime:5  | Learned a level 8 spell: Discord
 47993 | Crypt:1  | Entered Level 1 of the Crypt
 48249 | Crypt:1  | Reached skill level 24 in Ranged Weapons
 48325 | Crypt:1  | Noticed Bai Suzhen
 48329 | Crypt:1  | Killed Bai Suzhen
 48887 | Crypt:2  | Noticed Grunn
 48889 | Crypt:2  | Killed Grunn
 48902 | Crypt:2  | Noticed a royal mummy
 48917 | Crypt:2  | Slain by a phantasmal warrior

Illustrated notes

Levels and vault maps discovered:
D:1:      dpeg_arrival_stone_temple_mockup, layout_basic, minmay_tromino_v7
D:2:      layout_basic, basic_altar,
          dreamdust_ecumenical_altar_hidden_monk_grotto
D:3:      layout_rooms, nicolae_wu_jian_immortal_techniques,
          chequers_serial_rivers_micro_a
D:4:      layout_basic, dancing_weapons_uskayaw, chequers_avenue
D:5:      layout_cave_pools, enter_ossuary_5, minmay_misc_feat_iff,
          minmay_manual_mess
D:6:      layout_basic, nemelex_altar_shiori, mainiacjoe_overflow_paths,
          mrwooster_statue_mirror, nicolae_shop_sticking_my_neck_out,
          uniq_grinder
D:7:      layout_cave_pools, nzn_overflow_gifts_of_might_and_magic,
          minmay_temple_entry_wispy
D:8:      layout_loops_ring, nicolae_vehumet_altar_sigil
D:9:      layout_rooms, mainiacjoe_overflow_large_starburst, erik_lair_island,
          lightli_minifort
D:10:     layout_roguey
D:11:     layout_long_grid, uniq_psyche
D:12:     layout_roguey [special_room_orc], erik_orc_4
D:13:     layout_loops_corners, uniq_frances, uniq_lodul
D:14:     layout_stronghold, david_vaults_1, reono_crystal_passage,
          ebering_ghost_inner_flame, pond
D:15:     hangedman_depths_entry_try_elsewhere_first, layout_basic,
          evilmike_ruin_ashenzari, xom_redecorated
Temple:   oiseaux_autumnal_temple
Lair:1:   layout_gridlike
Lair:2:   layout_chaotic_city, nicolae_quartered_pool_super, st_stairs_3,
          columned_hall_lemuel, minmay_lair_oklob_bushes, grunt_megastairs_1
Lair:3:   layout_gridlike, minmay_shoals_entry_lonely_mermaid,
          minmay_snake_entry_six_corridors, uniq_kirke
Lair:4:   layout_roguey, dpeg_slime_entry_enclosed
Lair:5:   minmay_lair_end_enchanted_forest, layout_cellular_growth, basic_altar
Shoals:1: layout_shoals, nicolae_shoals_square_sea_wall
Shoals:2: cheibrodos_shoals_epimethial_gifts, layout_shoals,
          nicolae_shoals_kraken_party
Shoals:3: layout_shoals
Shoals:4: shoals_end_hellmonk_holy_island, serial_shops, uniq_polyphemus
Snake:1:  layout_onion, basic_altar, nicolae_triple_integral
Snake:2:  layout_misc_corridors, serial_shops, shop, serial_bayou_shore_b,
          lemuel_fruit_tree, uniq_jorgrun
Snake:3:  layout_layer_cave, portal_ice_cave_entry_pillars_four,
          grunt_ministairs_11, minmay_shop_enchanted_jewellery,
          nicolae_snake_springs
Snake:4:  grunt_snake_rune_serpentine_throne, layout_gridlike, drop_trap
Slime:1:  layout_caves
Slime:2:  layout_caves
Slime:3:  layout_caves
Slime:4:  layout_caves
Slime:5:  slime_pit_nicolae_trefoil
Orc:1:    layout_caves, serial_shops, shop
Orc:2:    st_orc_rangers, layout_caves, serial_shops, nicolae_shop_crystal,
          gammafunk_ghost_wrathful_warriors, bloody_makhleb
Elf:1:    minmay_elf_arrival_summoners, layout_loops_ring,
          hangedman_elven_crosses_minicolossus
Elf:2:    nicolae_elf_blades_splatter_lattice [nicolae_blade_entry_pointy_end],
          layout_geoelf_grid, gammafunk_ghost_split, minivault_16,
          small_chamber_with_monster, uniq_zenata
Elf:3:    minmay_elf_hall_not_hex, layout_onion_city, serial_shops,
          nicolae_diamond_shop
Vaults:1: nicolae_vaults_two_Ls, grunt_vaults_funnel,
          nicolae_vaults_storing_the_good_stuff, nicolae_vaults_trapezoid_3,
          nicolae_vaults_layer_cake_slice, vaults_dpeg_encased_lava,
          layout_vaults_omnigrid, serial_shops, nicolae_shop_tiny_statue_garden,
          uniq_donald
Vaults:2: hangedman_vaults_variations, nicolae_vaults_stepped_doors,
          ontoclasm_vaults_fault, minmay_crypt_entry_simple_statues, v_rooms_1,
          v_misc_4, nicolae_vaults_double_plus_1, v_misc_28, st_spiral_rooms,
          nicolae_vaults_tetromino_T_2, hangedman_vaults_trim,
          hangedman_vaults_corner_blocks, layout_vaults_big_room, serial_shops,
          shop
Vaults:3: nicolae_vaults_mini_display_case, ontoclasm_vaults_ring_small,
          vaults_room_ringed_pool, nicolae_vaults_little_squares_1,
          nicolae_vaults_angled_halls, v_rooms_4,
          nicolae_vaults_network_barrier, nicolae_vaults_network_s,
          nicolae_vaults_what_the_h, nicolae_vaults_murderbox,
          hangedman_vaults_capsules, nicolae_vaults_tetromino_L_1,
          nicolae_vaults_little_ls, nicolae_vaults_ring_of_whatevers,
          layout_vaults_omnibox
Vaults:4: advil_vaults_ghost_lines, nicolae_vaults_apartment_2,
          nicolae_vaults_prndl, hangedman_vaults_slither,
          nicolae_vaults_closet_pinwheel_2, nicolae_vaults_closet_pinwheel_2,
          hangedman_vaults_stitches, nicolae_vaults_big_ls,
          hangedman_vaults_stagger, nicolae_vaults_tangram_1, vaults_room_grid,
          layout_vaults_omnicross, serial_shops, shop, uniq_saint_roka,
          uniq_margery
Crypt:1:  layout_basic, uniq_bai_suzhen
Crypt:2:  layout_basic, uniq_grunn, uniq_khufu
Depths:1: minmay_the_grid_3x2 [minmay_the_grid_garden, minmay_the_grid_tree,
          minmay_the_grid_rooms, minmay_the_grid_armoury,
          minmay_the_grid_minigrid_large, minmay_the_grid_prize_trominoes],
          layout_long_grid, pan_entry, hell_entry, serial_sigils,
          serial_sigils_hangedman_quiver, serial_sigils_hangedman_scar,
          serial_sigils_hangedman_gnaw, serial_sigils_hangedman_quiver,
          serial_sigils_hangedman_scratch, serial_sigils_hangedman_quiver,
          st_stairs_8
Depths:2: minmay_nine_rooms, layout_gridlike, nicolae_hexahallways,
          grunt_pan_entry_zigzag, hell_entry, minmay_shop_grove
Depths:3: minmay_dotted_concentric_squares, layout_gridlike,
          abyss_entry_flame_altar, mu_enter_wizlab_5,
          chequers_serial_rivers_micro_a, enter_trove_0, hell_entry
Depths:4: evilmike_zot_entry_basic, layout_basic, enter_ziggurat_f, hellmouth_2

Skill      XL: |  1  2  3  4  5  6  7  8  9 10 11 12 13 14 15 16 17 18 19 20 21 22 23 24 25 26 |
---------------+-------------------------------------------------------------------------------+-----
Hexes          | 4 5 6 7 9 10 12 13 14 15 16 18 | 18.9
Fire Magic     | 2 3 |  3.0
Fighting       | 2 3 4 5 6 7 8 9 10 11 12 13 14 15 16 17 18 19 | 19.1
Ranged Weapons | 3 4 6 8 10 12 14 15 16 17 18 19 20 21 22 23 24 | 24.2
Spellcasting   | 2 3 5 6 7 8 9 10 11 12 | 12.2
Translocations | 1 2 3 |  3.0
Armour         | 3 4 5 |  5.0
Invocations    | 3 5 6 8 9 10 11 12 13 14 | 14.0
Dodging        | 2 4 5 6 7 8 9 10 11 12 13 14 | 14.9
Earth Magic    | 5 7 10 | 10.0
Necromancy     | 4 6 8 10 | 10.0
Shields        | 4 7 9 13 16 18 19 20 21 22 | 22.4

Action                     |  1- 3 |  4- 6 |  7- 9 | 10-12 | 13-15 | 16-18 | 19-21 | 22-24 | 25-27 || total
---------------------------+-------+-------+-------+-------+-------+-------+-------+-------+-------++-------
  Melee: Sling             |       |       |     2 |       |       |       |       |       |       ||     2
         Orcbow            |       |       |       |       |     1 |       |       |       |       ||     1
   Fire: Sling             |    74 |   190 |   314 |       |       |       |       |       |       ||   578
         Orcbow            |       |       |    97 |   632 |   442 |       |       |       |       ||  1171
         Arbalest          |       |       |       |       |   635 |   303 |       |       |       ||   938
         Longbow           |       |       |       |       |       |   696 |   869 |   204 |   429 ||  2198
         Heavy crossbow    |       |       |       |       |       |       |    85 |   401 |   134 ||   620
  Throw: Dart              |       |       |     1 |     2 |     3 |       |       |       |       ||     6
         Throwing net      |       |       |       |       |     1 |       |       |       |       ||     1
   Cast: Jinxbite          |     1 |     3 |     8 |     9 |     3 |     3 |       |       |       ||    27
         Inner Flame       |       |     1 |    22 |    40 |    39 |    16 |    15 |       |       ||   133
         Sigil of Binding  |       |       |     3 |     9 |     4 |     6 |     1 |       |     1 ||    24
         Cause Fear        |       |       |     1 |     7 |    14 |     9 |    24 |     1 |     8 ||    64
         Dimensional Bulls |       |       |       |     4 |     6 |    18 |    45 |    63 |    17 ||   153
         Tukima's Dance    |       |       |       |     2 |    19 |     2 |    35 |     9 |       ||    67
         Sublimation of Bl |       |       |       |       |     1 |       |       |       |       ||     1
         Borgnjor's Vile C |       |       |       |       |       |    28 |    20 |     7 |     2 ||    57
         Apportation       |       |       |       |       |       |       |     8 |       |       ||     8
         Leda's Liquefacti |       |       |       |       |       |       |       |     1 |     5 ||     6
         Yara's Violent Un |       |       |       |       |       |       |       |     3 |     6 ||     9
         Enfeeble          |       |       |       |       |       |       |       |       |     3 ||     3
         Summon Guardian G |       |       |       |       |       |       |       |       |     1 ||     1
         Discord           |       |       |       |       |       |       |       |       |     3 ||     3
 Invoke: Recall Ancestor   |       |       |       |     1 |     5 |    11 |     4 |       |     1 ||    22
         Ancestor Life: Kn |       |       |       |     1 |       |       |       |       |       ||     1
         Ancestor Identity |       |       |       |     1 |       |       |       |       |       ||     1
         Idealise          |       |       |       |       |       |     2 |       |       |     3 ||     5
         Transference      |       |       |       |       |       |       |       |       |     1 ||     1
Ability: Dig               |       |       |     2 |     3 |     2 |     6 |       |       |       ||    13
         Shaft Self        |       |       |       |       |     1 |       |     1 |       |       ||     2
  Evoke: Wand              |       |       |       |     1 |       |     2 |     1 |       |       ||     4
    Use: Scroll            |       |       |     8 |     8 |     8 |    12 |     5 |     8 |     4 ||    53
         Potion            |       |       |       |       |     2 |     3 |     3 |     1 |     3 ||    12
 Armour: Robe              |    18 |       |       |       |       |       |       |       |       ||    18
         Leather armour    |       |    70 |   114 |   163 |   272 |   239 |   148 |    94 |    91 ||  1191
  Dodge: Dodged            |    31 |    77 |    82 |   146 |   213 |   167 |   154 |   113 |    69 ||  1052
  Block: Buckler           |       |       |       |       |       |    17 |       |       |       ||    17
         Kite shield       |       |       |       |       |       |   101 |   145 |   127 |       ||   373
         Tower shield      |       |       |       |       |       |       |       |    28 |   149 ||   177

Table legend: (Time is in decaauts)
 A = Elapsed time spent in this place.
 B = Non-inter-level travel time spent in this place.
 C = Inter-level travel time spent in this place.
 D = Time resting spent in this place.
 E = Time spent auto-exploring this place.
 F = Levels seen in this place.
 G = Mean time per level.
                   A        B        C        D        E       F      G
               +--------+--------+--------+--------+--------+-----+--------+
         Total |  49750 |  45345 |   4405 |   4681 |  28574 |  53 |  938.7 |
       Dungeon |  15476 |  13686 |   1790 |   1060 |   9751 |  15 | 1031.7 |
        Temple |      1 |      1 |      0 |      0 |      0 |   1 |    1.0 |
          Lair |   5651 |   4961 |    690 |    241 |   3704 |   5 | 1130.2 |
        Shoals |   3378 |   3151 |    227 |    837 |    467 |   4 |  844.5 |
     Snake Pit |   5348 |   4996 |    352 |    739 |   2713 |   4 | 1337.0 |
    Slime Pits |   1724 |   1622 |    102 |    202 |    907 |   5 |  344.8 |
  Orcish Mines |   1601 |   1308 |    293 |    118 |    963 |   2 |  800.5 |
   Elven Halls |   2916 |   2740 |    176 |    339 |   1747 |   3 |  972.0 |
        Vaults |   5864 |   5486 |    378 |    402 |   3829 |   4 | 1466.0 |
         Crypt |    987 |    962 |     25 |      0 |    651 |   2 |  493.5 |
        Depths |   4578 |   4210 |    368 |     56 |   3261 |   4 | 1144.5 |
         Trove |     90 |     90 |      0 |      0 |     20 |   1 |   90.0 |
       Ossuary |    653 |    653 |      0 |    162 |    235 |   1 |  653.0 |
      Ice Cave |    861 |    861 |      0 |    314 |    238 |   1 |  861.0 |
        Wizlab |    615 |    615 |      0 |    210 |     87 |   1 |  615.0 |
               +--------+--------+--------+--------+--------+-----+--------+

Top non-repeatable levels by time:
 Snake:4: 1832 daAuts
Vaults:4: 1740 daAuts
    D:14: 1685 daAuts
 Snake:3: 1562 daAuts
     D:9: 1472 daAuts
Depths:2: 1463 daAuts
Vaults:3: 1403 daAuts
Vaults:1: 1400 daAuts
    D:13: 1372 daAuts
   Elf:3: 1326 daAuts
Vaults:2: 1319 daAuts
  Lair:3: 1279 daAuts
    D:15: 1273 daAuts
    D:12: 1267 daAuts
Depths:1: 1260 daAuts
